 Dungeon Crawl Stone Soup version 0.29-a0-542-g075992c915 (webtiles) character file.

Game seed: 94159456741284254

149 Essalna the Ruffian (level 5, -5/44 HPs)
             Began as a Draconian Transmuter on June 4, 2022.
             Slain by Crazy Yiuf
             ... wielding a +3 quarterstaff of chaos
              (6 damage)
             ... on level 3 of the Dungeon.
             The game lasted 00:06:47 (4030 turns).

Essalna the Ruffian (Draconian Transmuter)          Turns: 4030, Time: 00:06:48

Health: -5/44      AC:  6    Str: 13    XL:     5   Next: 9%
Magic:  8/8        EV: 12    Int: 21    God:
Gold:   114        SH:  0    Dex: 11    Spells: 3/8 levels left

rFire   . . .      SeeInvis +     - Unarmed
rCold   . . .      Faith    .   (no shield)
rNeg    . . .      Spirit   .   (body armour unavailable)
rPois   .          Reflect  .   (helmet currently unavailable)
rElec   .          Harm     .   (no cloak)
rCorr   .          Rampage  .   b - +0 pair of gloves
Will    .....                   (boots currently unavailable)
Stlth   +.........              (no amulet)
HPRegen 0.14/turn               h - +6 ring of intelligence
MPRegen 0.11/turn               l - ring of see invisible

@: appendages, invisible
A: horns 2, talons 2, AC +5, unfitting armour, cold-blooded
a: End Transformation


You were on level 3 of the Dungeon.
You had temporarily grown beastly horns and talons.
You visited 1 branch of the dungeon, and saw 3 of its levels.

You collected 114 gold pieces.

Inventory:

Armour
 b - a +0 pair of gloves (worn)
 e - a +2 hat (melded)
Magical Staves
 j - a staff of conjuration
Jewellery
 h - a +6 ring of intelligence (left hand)
 l - a ring of see invisible (right hand)
Scrolls
 c - 3 scrolls of teleportation {unknown}
 d - 2 scrolls of enchant weapon {unknown}
 g - a scroll of immolation {unknown}
 k - a scroll of enchant armour {unknown}
 m - 4 scrolls of identify {unknown}
Potions
 a - a potion of lignification
 f - 3 potions of curing {unknown}
 i - 2 potions of flight {unknown}
 n - a potion of degeneration {unknown}
 o - a potion of brilliance {unknown}
 p - a potion of attraction {unknown}
 q - a potion of might


   Skills:
 + Level 2.8 Fighting
 + Level 2.8 Dodging
 + Level 3.8 Unarmed Combat
 - Level 2.0 Spellcasting
 + Level 3.1 Transmutations
 + Level 0.1 Ice Magic


You had 3 spell levels left.
You knew the following spells:

 Your Spells              Type           Power      Damage    Failure   Level
a - Beastly Appendage     Tmut           30%        N/A       4%          1
b - Ice Form              Ice/Tmut       8%         N/A       58%         4

Your spell library contained the following spells:

 Spells                   Type           Power      Damage    Failure   Level
 Wereblood                Tmut           15%        N/A       6%          2
 Spider Form              Tmut/Pois      8%         N/A       24%         3
 Confusing Touch          Hex            2%         N/A       41%         3
 Yara's Violent Unravell  Hex/Tmut       4%         3d4       91%         5
 Enfeeble                 Hex            1%         N/A       100%        7


Dungeon Overview and Level Annotations

Branches:
Dungeon (3/15)

Altars:
Cheibriados

Annotations:
D:3 Crazy Yiuf


Innate Abilities, Weirdness & Mutations

You have temporarily grown beastly horns and talons.
Your plain brown scales are hard. (AC +5)
You cannot fit into any form of body armour.
You are cold-blooded and may be slowed by cold attacks.


Message History

You open the door. You hit Crazy Yiuf but do no damage.
Your kick misses Crazy Yiuf. Your punch misses Crazy Yiuf.
Crazy Yiuf says, "Dawk!"
Crazy Yiuf hits you but does no damage.
You are electrocuted!
You hit Crazy Yiuf but do no damage. Your headbutt misses Crazy Yiuf.
You punch Crazy Yiuf, but do no damage.
Crazy Yiuf cries, "Blight sing tired!"
Crazy Yiuf hits you with a +3 quarterstaff of chaos!
You hit Crazy Yiuf. Your headbutt misses Crazy Yiuf.
Crazy Yiuf is moderately wounded.
Crazy Yiuf barely misses you.
You closely miss Crazy Yiuf. Your headbutt misses Crazy Yiuf.
You tail-slap Crazy Yiuf, but do no damage.
Crazy Yiuf is moderately wounded.
Crazy Yiuf laughs, "Fluff!"
Crazy Yiuf closely misses you.
You hit Crazy Yiuf but do no damage. You claw Crazy Yiuf.
You tail-slap Crazy Yiuf.
Crazy Yiuf is moderately wounded.
Crazy Yiuf hits you with a +3 quarterstaff of chaos.
Crazy Yiuf burns you.
You hit Crazy Yiuf but do no damage. Your kick misses Crazy Yiuf.
Crazy Yiuf is moderately wounded.
Crazy Yiuf hits you with a +3 quarterstaff of chaos!
* * * LOW HITPOINT WARNING * * *
You fade into invisibility!
You hit Crazy Yiuf.
Crazy Yiuf is heavily wounded.
You hit Crazy Yiuf but do no damage.
Crazy Yiuf is heavily wounded.
Crazy Yiuf barely misses you.
You hit Crazy Yiuf but do no damage.
Crazy Yiuf is heavily wounded.
Crazy Yiuf misses you.
You closely miss Crazy Yiuf. You claw Crazy Yiuf!
Your headbutt misses Crazy Yiuf.
Crazy Yiuf is almost dead.
Crazy Yiuf hits you with a +3 quarterstaff of chaos.
You die...

....≈.#
#)).)####....#
^..#≈## ##..##
###### ...#≈#
#P)P.# ...###
#.P)## ####
##.## # #.## #
##.# # #.## #
##@# # #g# #
... # #...# #
#..)# # #####


You could see Crazy Yiuf (can't see you).

Vanquished Creatures
  An orc priest (D:3)
  Robin (D:3)
  4 adders (D:3)
  A worm (D:3)
  5 orcs
  4 bats
  4 endoplasms
  A giant cockroach (D:1)
  10 goblins
  7 hobgoblins
  3 jackals (D:3)
  4 kobolds
  2 quokkas
  7 ball pythons
  4 frilled lizards
  7 rats
65 creatures vanquished.

Vanquished Creatures (others)
  A fungus (D:3)
1 creature vanquished.

Grand Total: 66 creatures vanquished

Notes
Turn   | Place    | Note
-------+----------+-------------------------------------------
     0 | D:1      | Essalna the Draconian Transmuter began the quest for the
                  | Orb.
     0 | D:1      | Reached XP level 1. HP: 16/16 MP: 3/3
    98 | D:1      | Reached XP level 2. HP: 4/23 MP: 5/5
  1163 | D:1      | You fall into a shaft and drop 1 floor!
  2277 | D:3      | Reached XP level 3. HP: 27/29 MP: 4/6
  2323 | D:3      | Found a faded altar of an unknown god.
  2445 | D:3      | Noticed Robin
  2454 | D:3      | Killed Robin
  2651 | D:3      | Found a snail-covered altar of Cheibriados.
  2667 | D:3      | Reached XP level 4. HP: 36/36 MP: 5/7
  2735 | D:3      | Identified the +4 mace of Excruciating Pain {speed, rCorr
                  | Int+3 Dex+3}
  2922 | D:3      | Found a runed translucent door.
  2923 | D:3      | Noticed Crazy Yiuf
  3582 | D:3      | Learned a level 4 spell: Ice Form
  3634 | D:3      | Reached XP level 5. HP: 41/42 MP: 6/8
  4026 | D:3      | HP: 1/44 [Crazy Yiuf/+3 quarterstaff of chaos (14)]
  4030 | D:3      | Slain by Crazy Yiuf

Illustrated notes

Levels and vault maps discovered:
D:1:      minmay_arrival_wavy_path, layout_loops_ring, minmay_split_cup_small
D:2:      layout_basic, kennysheep_big_empty_room, kennysheep_nondescript
D:3:      layout_basic, mainiacjoe_overflow_boulevard,
          dreamdust_ecumenical_altar_statues, serial_rivers,
          chequers_serial_rivers_micro_a, chequers_serial_rivers_room_b,
          chequers_serial_rivers_large_b, chequers_serial_rivers_marsh,
          columned_hall_lemuel, uniq_crazy_yiuf_cottage, uniq_robin

Skill      XL: |  1  2  3  4 |
---------------+-------------+-----
Dodging        | 2 |  2.8
Fighting       | 2 |  2.8
Transmutations | 3 |  3.1
Unarmed Combat | |  3.8
Spellcasting   | |  2.0
Ice Magic      | |  0.1

Action                   |  1- 3 |  4- 6 || total
-------------------------+-------+-------++-------
Melee: Unarmed           |   112 |    82 ||   194
       Kick              |    24 |    17 ||    41
       Headbutt          |    13 |     9 ||    22
       Tailslap          |    13 |     8 ||    21
       Punch             |     2 |     2 ||     4
 Cast: Beastly Appendage |    27 |    16 ||    43
Armor: Skin              |    31 |    25 ||    56
Dodge: Dodged            |    71 |    38 ||   109

Table legend: (Time is in decaauts)
 A = Elapsed time spent in this place.
 B = Non-inter-level travel time spent in this place.
 C = Inter-level travel time spent in this place.
 D = Time resting spent in this place.
 E = Time spent auto-exploring this place.
 F = Levels seen in this place.
 G = Mean time per level.
                   A        B        C        D        E       F      G
               +--------+--------+--------+--------+--------+-----+--------+
         Total |   4067 |   3958 |    109 |    129 |   3238 |   3 | 1355.7 |
       Dungeon |   4067 |   3958 |    109 |    129 |   3238 |   3 | 1355.7 |
               +--------+--------+--------+--------+--------+-----+--------+

Top non-repeatable levels by time:
     D:3: 1660 daAuts
     D:1: 1394 daAuts
     D:2: 1013 daAuts
